AoeStats
← danielcrisan93

Arabia

509830098Analyzed
1v1 RM · 2d ago on Sep 28, 2026· 41m 34s· 2 players
Game mode
Random Map
Map size
Tiny (2 player)
Population
200
Speed
Normal
Resources
Standard
Victory
Conquest
Starting age
Dark Age
Ending age
Imperial Age
RankedLock teamsTeams togetherTeam positionsShared explorationLock speedFull tech treeHidden civsTurbo modeCheats
Victory
Defeat
🇺🇸 Bulgarians · United States
552
+14
🇷🇴 Goths · Romania
512
-14
danielcrisan93
8:31 Loom
12:28 Feudal Age
13:52 Man-at-Arms
31:18 Castle Age
30:59 Fletching
35:06 Crossbowman
TimeBot
12:38 Feudal Age
14:36 Forging
19:43 Scale Mail Armor
21:45 Gold Mining
23:01 Wheelbarrow
28:17 Castle Age
26:17 Double-Bit Axe
28:40 Scale Barding Armor
29:26 Gambesons
34:44 Iron Casting
34:28 Chain Mail Armor
34:36 Chain Barding Armor
36:43 Hand Cart
40:47 Chain Mail Armor
Connection lost

Rejoining the realm…

Still unreachable

The connection could not be restored.

Session expired

The server has moved on; the page needs a fresh start.